 Dungeon Crawl Stone Soup version 0.19.1 (webtiles) character file.

100 mmcf the Insei (level 4, 0/49 HPs)
             Began as a Merfolk Transmuter on Dec 3, 2016.
             Slain by an orc priest
             ... wielding a +0 mace
              (2 damage)
             ... on level 2 of the Dungeon.
             The game lasted 00:05:09 (3334 turns).

mmcf the Insei (Merfolk Transmuter)                 Turns: 3334, Time: 00:05:11

Health: 0/49       AC: 22    Str: 10    XL:     4   Next: 74%
Magic:  7/7        EV:  2    Int: 13    God:
Gold:   87         SH:  0    Dex: 14    Spells: 3 memorised, 1 level left

rFire  . . .     SeeInvis .       - Unarmed
rCold  . . .     Gourm    .     (armour currently unavailable)
rNeg   + + +     Faith    .     (no shield)
rPois  +         Spirit   .     (helmet currently unavailable)
rElec  .         Reflect  .     (cloak currently unavailable)
rCorr  .         Harm     .     (gloves currently unavailable)
MR     .....     NoTele   +     (boots currently unavailable)
Stlth  +.........               (no amulet)
                                (no ring)
                                (no ring)

@: tree-form
A: (change form in water), (swift swim), (stealthy swim)
a: no special abilities


You were on level 2 of the Dungeon.
You were not hungry.
You were a tree.
You visited 1 branch of the dungeon, and saw 3 of its levels.

You collected 87 gold pieces.

Inventory:

Hand Weapons
 a - a +0 hunting sling
 u - a +0 spear
Missiles
 f - 100 stones (quivered)
 i - 21 sling bullets
 p - 7 arrows
Armour
 b - a +0 robe (melded)
Scrolls
 h - 2 scrolls of teleportation {unknown}
 k - 2 scrolls of enchant armour {unknown}
 m - a scroll of random uselessness {unknown}
 n - 3 scrolls of remove curse {unknown}
 o - a scroll of amnesia {unknown}
 q - 3 scrolls of identify {unknown}
 s - a scroll of enchant weapon {unknown}
Potions
 e - 2 potions of lignification
 g - 3 potions of agility {unknown}
 j - a potion of brilliance {unknown}
 l - 2 potions of resistance {unknown}
Books
 c - a book of Changes

   Spells                             Type                      Level
   a - Beastly Appendage              Transmutation                1
   b - Sticks to Snakes               Transmutation                2
   c - Spider Form                    Transmutation/Poison         3
   d - Ice Form                       Ice/Transmutation            4
   e - Blade Hands                    Transmutation                5
Comestibles
 d - 2 bread rations
 r - 3 fruits
 t - 4 chunks of flesh


   Skills:
 + Level 1.8 Fighting
 + Level 3.6 Dodging
 - Level 5.0 Unarmed Combat
 - Level 2.0 Spellcasting
 + Level 3.1 Transmutations


You had one spell level left.
You knew the following spells:

 Your Spells              Type           Power        Failure   Level  Hunger
a - Beastly Appendage     Tmut           #.....       10%         1    ##.....
b - Sticks to Snakes      Tmut           #.......     12%         2    ###....
c - Spider Form           Tmut/Pois      #.........   38%         3    ####...


Dungeon Overview and Level Annotations

Branches:
Dungeon (3/15)

Altars:
Fedhas

Annotations:
D:3 Grinder


Message History

There is a stone staircase leading up here.
The orc priest invokes the aid of Beogh against you.
Beogh smites you! The orc priest hits you with a mace!
* * * LOW HITPOINT WARNING * * *
You hear an angry hiss.
You climb upwards.
Your transformation is almost over.
There is a stone staircase leading down here.
You barely miss the orc priest.
It was a potion of lignification.
Your horns disappear.
You turn into a tree.
Your +0 robe melds into your body.
Your roots penetrate the ground.
The orc priest casts a cantrip, but nothing happens.
You barely miss the orc priest. The orc priest hits you with a mace.
* * * LOW HITPOINT WARNING * * *
You smack the orc priest!
Your punch misses the orc priest.
The orc priest is severely wounded.
The orc priest hits you with a mace.
You die...

.........###..##.#........#.#
.........#.......######.#.#.#
.........#.......#[....<#.#.#
##.......#.P.P...#......#.#.##
.........#.._....#.).........#
...........P.P..........#.#..#
........................#.#..#
.............##..o....###.#..#
..#............)♣...#.# #.#..#
..####....###.......#.# #.#..#
....................#.# #.#..#
##..................#.# #.#..#
##..................#.###.####
##...#.......................#
.....#..................#.##.#
..........................##.#
........................####.#


You could see an orc priest.

Vanquished Creatures
  Jessica (D:2)
  2 adders
  A worm (D:2)
  A dart slug (D:1)
  A leopard gecko (D:1)
  3 orcs
  2 ball pythons
  2 giant cockroaches
  5 goblins
  5 hobgoblins
  3 jackals
  A quokka (D:2)
  6 bats
  A frilled lizard (D:2)
  3 kobolds (D:1)
  5 rats
42 creatures vanquished.

Vanquished Creatures (collateral kills)
  An adder (D:2)
  A worm (D:2)
2 creatures vanquished.

Grand Total: 44 creatures vanquished

Notes
Turn   | Place    | Note
-------+----------+-------------------------------------------
     0 | D:1      | mmcf the Merfolk Transmuter began the quest for the Orb.
     0 | D:1      | Reached XP level 1. HP: 15/15 MP: 3/3
   368 | D:1      | Reached XP level 2. HP: 21/21 MP: 5/5
   382 | D:1      | Learned a level 2 spell: Sticks to Snakes
   481 | D:1      | Reached skill level 4 in Unarmed Combat
  1248 | D:1      | Reached XP level 3. HP: 24/26 MP: 6/6
  1368 | D:1      | Learned a level 3 spell: Spider Form
  2004 | D:2      | Found a blossoming altar of Fedhas.
  2178 | D:3      | Noticed Grinder
  2559 | D:3      | Reached skill level 5 in Unarmed Combat
  2559 | D:3      | Reached XP level 4. HP: 22/32 MP: 4/7
  2732 | D:2      | Noticed Jessica
  2744 | D:2      | Killed Jessica
  3333 | D:2      | HP: 2/49 [orc priest/mace (4)]
  3334 | D:2      | Slain by an orc priest

Skill      XL: |  1  2  3  4 |
---------------+-------------+-----
Unarmed Combat | 4 5 |  5.0
Dodging        | 3 |  3.6
Transmutations | 3 |  3.1
Fighting       | |  1.8
Spellcasting   | |  2.0

Action                   |  1- 3 |  4- 6 || total
-------------------------+-------+-------++-------
Melee: Unarmed           |   140 |    34 ||   174
       Headbutt          |     5 |     1 ||     6
       Punch             |       |     1 ||     1
 Cast: Beastly Appendage |     5 |     5 ||    10
       Sticks to Snakes  |     4 |     1 ||     5
  Use: Potion            |       |     1 ||     1
 Stab: Sleeping          |     2 |       ||     2
       Distracted        |     1 |       ||     1
  Eat: Chunk             |     5 |     3 ||     8
Armor: Robe              |    31 |     5 ||    36
Dodge: Dodged            |   119 |    26 ||   145
